 Dungeon Crawl Stone Soup version 0.29.1-15-g9cfb28693d (webtiles) character file.

Game seed: 15577565109925508343

40 Alturiack the Stinger (level 3, 0/16 HPs)
             Began as a Spriggan Venom Mage on Apr 11, 2023.
             Slain by a gnoll
             ... wielding a +0 whip
              (4 damage)
             ... on level 2 of the Dungeon.
             The game lasted 00:03:01 (1220 turns).

Alturiack the Stinger (Spriggan Venom Mage)         Turns: 1220, Time: 00:03:01

Health: 0/16       AC:  2    Str:  4    XL:     3   Next: 30%
Magic:  2/8        EV: 17    Int: 18    God:
Gold:   72         SH:  0    Dex: 15    Spells: 7/8 levels left

rFire   . . .      SeeInvis +   (weapon restricted)
rCold   . . .      Faith    .   (no shield)
rNeg    . . .      Spirit   .   a - +0 robe
rPois   .          Reflect  .   (helmet restricted)
rElec   .          Harm     .   (no cloak)
rCorr   .          Rampage  .   (gloves unavailable)
Will    .....                   (boots unavailable)
Stlth   ++........              (no amulet)
HPRegen 0.05/turn               (no ring)
MPRegen 0.11/turn               (no ring)

@: very quick
A: very small, no large weapons, unfitting armour, see invisible, speed 3
a: no special abilities


You were on level 2 of the Dungeon.
You visited 1 branch of the dungeon, and saw 2 of its levels.

You collected 72 gold pieces.

Inventory:

Armour
 a - a +0 robe (worn)
Scrolls
 c - 4 scrolls of immolation {unknown}
 d - a scroll of poison {unknown}
 e - a scroll of enchant armour {unknown}
 g - a scroll of teleportation {unknown}
Potions
 b - a potion of magic
 f - a potion of invisibility {unknown}
 h - a potion of lignification {unknown}


   Skills:
 + Level 3.3 Dodging
 - Level 3.0 Stealth
 + Level 3.3 Spellcasting
 - Level 1.3 Transmutations
 * Level 3.8 Poison Magic


You had 7 spell levels left.
You knew the following spells:

 Your Spells              Type           Power      Damage    Failure   Level
a - Sting                 Tmut/Pois      48%        1d5       5%          1

Your spell library contained the following spells:

 Spells                   Type           Power      Damage    Failure   Level
 Poisonous Vapours        Pois/Air       18%        N/A       11%         2
 Mephitic Cloud           Conj/Pois/Air  7%         N/A       28%         3
 Olgreb's Toxic Radiance  Pois           16%        N/A       32%         4


Dungeon Overview and Level Annotations

Branches:
Dungeon (2/15)

Altars:


Innate Abilities, Weirdness & Mutations

You are very small and have problems with some larger weapons.
You are too small for most types of armour.
You have supernaturally acute eyesight. (SInv)
You cover ground extremely quickly. (Speed+++)


Message History

Press: ? - help, Shift-Dir - straight line, f/p - gnoll
Aim: a gnoll, wielding a +0 club (heavily wounded, 75% to hit)
The sting hits the gnoll.
The gnoll is poisoned.
The gnoll is severely wounded.
Found 16 gold pieces.
Casting: Sting (safe; 5% risk of failure)
Confirm with . or Enter, or press ? or * to list all spells.
Aiming: Sting (safe; 5% risk of failure)
Press: ? - help, Shift-Dir - straight line, f/p - gnoll
Aim: a gnoll, wielding a +0 club (almost dead, poisoned, 75% to hit)
The sting hits the gnoll.
The gnoll looks even sicker.
You kill the gnoll!
Casting: Sting (safe; 5% risk of failure)
Confirm with . or Enter, or press ? or * to list all spells.
Aiming: Sting (safe; 5% risk of failure)
Press: ? - help, Shift-Dir - straight line, f - gnoll
Aim: a gnoll, wielding a +0 flail (75% to hit)
The sting hits the gnoll.
The gnoll is poisoned.
The gnoll is lightly wounded.
The gnoll hits you with a +0 flail!
Ouch! That really hurt!
* * * LOW HITPOINT WARNING * * *
Casting: Sting (safe; 5% risk of failure)
Confirm with . or Enter, or press ? or * to list all spells.
Aiming: Sting (safe; 5% risk of failure)
Press: ? - help, Shift-Dir - straight line, f/p - gnoll
Aim: a gnoll, wielding a +0 flail (heavily wounded, poisoned, 75% to hit)
The sting hits the gnoll.
The gnoll looks even sicker.
The gnoll is almost dead.
The gnoll misses you. The gnoll barely misses you.
Casting: Sting (safe; 5% risk of failure)
Confirm with . or Enter, or press ? or * to list all spells.
Aiming: Sting (safe; 5% risk of failure)
Press: ? - help, Shift-Dir - straight line, f/p - gnoll
Aim: a gnoll, wielding a +0 flail (almost dead, very poisoned, 75% to hit)
The sting hits the gnoll.
The gnoll looks even sicker.
You kill the gnoll!
The gnoll hits you with a +0 whip.
You die...

#...<# #g# #....# #.#
#....# #g# #....# #.#
#....# #g# #....###### #
#.# ##.###.#..####.###
#.#####...##.#.)#..#...#
#..g.)>....#.#@g.....#
#######g..##.####..#$..#
##.###.####..# #..
#.###.g..g..#
#..g....##### #####...#
#####


You could see a gnoll.

Vanquished Creatures
  3 gnolls (D:2)
  A bat (D:1)
  4 endoplasms
  3 goblins (D:1)
  2 hobgoblins (D:1)
  3 kobolds (D:1)
  A quokka (D:1)
  3 frilled lizards
  A rat (D:1)
21 creatures vanquished.

Notes
Turn   | Place    | Note
-------+----------+-------------------------------------------
     0 | D:1      | Alturiack the Spriggan Venom Mage began the quest for the
                  | Orb.
     0 | D:1      | Reached XP level 1. HP: 9/9 MP: 5/5
   396 | D:1      | Reached XP level 2. HP: 13/13 MP: 3/6
  1187 | D:2      | Reached XP level 3. HP: 16/16 MP: 5/8
  1220 | D:2      | Slain by a gnoll

Illustrated notes

Levels and vault maps discovered:
D:1:      giann_horns, layout_loops_cross
D:2:      minmay_angry_zag, layout_loops_cross, shapermc_ecumenical_altar_gd,
          hangedman_glass_garden

Skill      XL: |  1  2 |
---------------+-------+-----
Dodging        | 3 |  3.3
Spellcasting   | 3 |  3.3
Stealth        | |  3.0
Transmutations | |  1.3
Poison Magic   | |  3.8

Action                   || total
-------------------------++-------
Melee: Unarmed           ||     1
 Cast: Sting             ||    44
Armor: Robe              ||     1
Dodge: Dodged            ||    15
